 Dungeon Crawl Stone Soup version 0.27-a0-637-g3a9f0a9c12 (webtiles) character file.

Game seed: 3612096097916243182

215 tatocazan the Skirmisher (level 5, 0/42 HPs)
             Began as a Demonspawn Fighter on Mar 15, 2021.
             Slain by an iguana (8 damage)
             ... on level 3 of the Dungeon.
             The game lasted 00:02:21 (2731 turns).

tatocazan the Skirmisher (Demonspawn Fighter)       Turns: 2731, Time: 00:02:22

Health: 0/42       AC:  6    Str: 17    XL:     5   Next: 60%
Magic:  5/5        EV:  7    Int:  9    God:
Gold:   132        SH:  9    Dex: 13    Spells: 4/4 levels left

rFire    . . .     SeeInvis .   a - +0 war axe
rCold    . . .     Faith    .   c - +0 kite shield
rNeg     . . .     Spirit   .   b - +0 scale mail
rPois    .         Reflect  .   (helmet restricted)
rElec    .         Harm     .   (no cloak)
rCorr    .         Rampage  .   (no gloves)
Will     .....                  (no boots)
Stlth    ..........             (no amulet)
HPRegen  0.14/turn              (no ring)
MPRegen  0.09/turn              (no ring)

@: no status effects
A: antennae 1, hooves 1, demonic guardian 2
a: no special abilities


You were on level 3 of the Dungeon.
You visited 1 branch of the dungeon, and saw 4 of its levels.

You collected 132 gold pieces.

Inventory:

Hand Weapons
 a - a +0 war axe (weapon)
Armour
 b - a +0 scale mail (worn)
 c - a +0 kite shield (worn)
Scrolls
 f - a scroll of immolation {unknown}
 g - a scroll of fear {unknown}
 j - a scroll of fog {unknown}
 k - 6 scrolls of identify {unknown}
 o - a scroll of magic mapping {unknown}
 r - a scroll of enchant armour {unknown}
Potions
 d - 2 potions of might
 e - a potion of cancellation
 h - a potion of haste {unknown}
 i - a potion of attraction {unknown}
 l - a potion of heal wounds {unknown}
 m - a potion of magic {unknown}
 n - 2 potions of flight {unknown}
 p - a potion of curing {unknown}
 q - a potion of brilliance {unknown}


   Skills:
 + Level 4.1 Fighting
 + Level 3.1 Axes
 + Level 3.6 Armour
 + Level 3.6 Shields


You had 4 spell levels left.
You didn't know any spells.
Your spell library contained the following spells:

 Spells                   Type           Power      Damage    Failure   Level
 Magic Dart               Conj           0%         1d3       99%         1
 Searing Ray              Conj           0%         3d3       100%        2
 Dazzling Flash           Conj/Hex       0%         N/A       100%        3
 Fulminant Prism          Conj/Hex       0%         3d6       100%        4
 Iskenderun's Mystic Bla  Conj/Tloc      0%         2d3       100%        4


Dungeon Overview and Level Annotations

Branches:
Dungeon (4/15)
 Temple: D:4-7

Altars:


Innate Abilities, Weirdness & Mutations

You have a pair of small antennae on your head.
You have large cloven feet.
A demonic guardian rushes to your aid.


Message History

You are too injured to fight recklessly!
You are too injured to fight recklessly!
You are too injured to fight recklessly!
You are too injured to fight recklessly!
You are too injured to fight recklessly!
You are too injured to fight recklessly!
You are too injured to fight recklessly!
You are too injured to fight recklessly!
You are too injured to fight recklessly!
You are too injured to fight recklessly!
You are too injured to fight recklessly!
You are too injured to fight recklessly!
You are too injured to fight recklessly!
You are too injured to fight recklessly!
You are too injured to fight recklessly!
You are too injured to fight recklessly!
You are too injured to fight recklessly!
You are too injured to fight recklessly!
You are too injured to fight recklessly!
You are too injured to fight recklessly!
You are too injured to fight recklessly!
You are too injured to fight recklessly!
You are too injured to fight recklessly!
You are too injured to fight recklessly!
You are too injured to fight recklessly!
You are too injured to fight recklessly!
The iguana bites you but does no damage.
The iguana bites you. You block the orc's attack.
There is a stone staircase leading up, spattered with blood here.
You take 3 damage, and have 15/42 hp.
The iguana closely misses you.
The orc hits you from afar with a +0 trident!
* * * LOW HITPOINT WARNING * * *
A demonic guardian appears!
You climb upwards.
There is a stone staircase leading down here.
You take 7 damage, and have 8/42 hp.
It was a potion of cancellation.
You feel magically purged. The iguana bites you!
You die...

.#...#............#....#
...[.........####.).####
...#...........##.###########
#.....###.......#...........#
#......##.###..#......).....#
......[.....................#
.....###.#......#....)......#
#......#.####....<..........#
#....#.#........@############
#.........#....l##
#..[......#....##
.............#..#
.............##.#####
.<...............>..#
....................#
...........##.......#
...............######


You could see an iguana.

Vanquished Creatures
  An orc priest (D:3)
  2 orc wizards
  A hound skeleton (D:4)
  4 adders
  An ooze (D:1)
  A worm (D:3)
  2 dart slugs
  3 leopard geckos
  8 orcs
  6 giant cockroaches
  3 goblins
  5 hobgoblins
  2 jackals (D:3)
  A quokka (D:2)
  4 bats
  6 frilled lizards
  A jackal skeleton (D:4)
  7 kobolds
  12 rats
70 creatures vanquished.

Vanquished Creatures (collateral kills)
  2 hobgoblins (D:3)
  A jackal (D:3)
3 creatures vanquished.

Grand Total: 73 creatures vanquished

Notes
Turn   | Place    | Note
-------+----------+-------------------------------------------
     0 | D:1      | tatocazan the Demonspawn Fighter began the quest for the
                  | Orb.
     0 | D:1      | Reached XP level 1. HP: 18/18 MP: 1/1
   121 | D:1      | Gained mutation: A weak demonic guardian rushes to your
                  | aid. [demonic ancestry]
   121 | D:1      | Reached XP level 2. HP: 24/24 MP: 2/2
   849 | D:2      | Gained mutation: You have a pair of small antennae on your
                  | head. [demonic ancestry]
   849 | D:2      | Reached XP level 3. HP: 17/29 MP: 3/3
  1097 | D:2      | Gained mutation: A demonic guardian rushes to your aid.
                  | [demonic ancestry]
  1097 | D:2      | Reached XP level 4. HP: 17/35 MP: 4/4
  2127 | D:3      | Gained mutation: You have large cloven feet. [demonic
                  | ancestry]
  2127 | D:3      | Reached XP level 5. HP: 20/42 MP: 5/5
  2339 | D:3      | Reached skill level 4 in Fighting
  2731 | D:3      | Slain by an iguana

Illustrated notes

Levels and vault maps discovered:
D:1:      elethiomel_arrival_infinity_welcomes_careful_drivers, layout_rooms
D:2:      layout_rooms
D:3:      layout_rooms
D:4:      layout_rooms, kennysheep_windowed_goal

Skill      XL: |  1  2  3  4  5 |
---------------+----------------+-----
Axes           | 2 3 |  3.1
Armour         | 3 |  3.6
Shields        | 3 |  3.6
Fighting       | 4 |  4.1

Action                   |  1- 3 |  4- 6 || total
-------------------------+-------+-------++-------
Melee: War axe           |    92 |   111 ||   203
       Kick              |       |    13 ||    13
  Use: Potion            |       |     1 ||     1
Armor: Scale mail        |    48 |    56 ||   104
Dodge: Dodged            |    34 |    41 ||    75
Block: Kite shield       |    51 |    62 ||   113

Table legend: (Time is in decaauts)
 A = Elapsed time spent in this place.
 B = Non-inter-level travel time spent in this place.
 C = Inter-level travel time spent in this place.
 D = Time resting spent in this place.
 E = Time spent auto-exploring this place.
 F = Levels seen in this place.
 G = Mean time per level.
                   A        B        C        D        E       F      G
               +--------+--------+--------+--------+--------+-----+--------+
         Total |   2856 |   2822 |     34 |    777 |   1533 |   4 |  714.0 |
       Dungeon |   2856 |   2822 |     34 |    777 |   1533 |   4 |  714.0 |
               +--------+--------+--------+--------+--------+-----+--------+

Top non-repeatable levels by time:
     D:2: 1039 daAuts
     D:3: 951 daAuts
     D:1: 823 daAuts
     D:4: 41 daAuts
